 Dungeon Crawl Stone Soup version 0.24.0-2-g5b39cebb1c (webtiles) character file.

Game seed: 13504850545569350424, levelgen mode: deterministic

158 mopl the Firebug (level 5, 0/31 HPs)
             Began as an Octopode Fire Elementalist on Oct 29, 2019.
             Slain by a worm (10 damage)
             ... on level 3 of the Dungeon.
             The game lasted 00:03:44 (1572 turns).

mopl the Firebug (Octopode Fire Elementalist)       Turns: 1572, Time: 00:03:44

Health: 0/31       AC:  1    Str:  7    XL:     5   Next: 39%
Magic:  8/9        EV: 13    Int: 18    God:
Gold:   84         SH:  0    Dex: 13    Spells: 3/10 levels left

rFire    . . .     SeeInvis .   a - +2 dagger (drain)
rCold    . . .     Gourm    .   (no shield)
rNeg     . . .     Faith    .   (helmet restricted)
rPois    .         Spirit   .   (no amulet)
rElec    .         Reflect  .   (no ring)
rCorr    .         Harm     .   (no ring)
MR       .....                  (no ring)
Stlth    +++.......             (no ring)
HPRegen  0.10/turn              (no ring)
MPRegen  0.11/turn              (no ring)
                                (no ring)
                                (no ring)

@: lethally poisoned (0 -> -3), very slightly contaminated
A: almost no armour, stealthy swim, amphibious, 8 rings, constrict 8, camouflage
1, gelatinous body 1
a: no special abilities


You were on level 3 of the Dungeon.
You were not hungry.

You visited 1 branch of the dungeon, and saw 3 of its levels.

You collected 84 gold pieces.

Inventory:

Hand Weapons
 a - a +2 dagger of draining (weapon)
Missiles
 l - 13 poisoned darts (quivered)
Scrolls
 d - 2 scrolls of identify {unknown}
 e - a scroll of amnesia {unknown}
 m - a scroll of blinking {unknown}
Potions
 f - a potion of invisibility {unknown}
 g - a potion of agility {unknown}
 h - 2 potions of brilliance {unknown}
 i - a potion of curing {unknown}
 j - a potion of might {unknown}
 k - a potion of magic {unknown}
 n - a potion of flight {unknown}
Comestibles
 b - 3 chunks of flesh
 c - 6 rations


   Skills:
 - Level 2.0 Dodging
 - Level 2.6 Stealth
 * Level 3.2 Spellcasting
 * Level 2.9 Conjurations
 + Level 0.3 Hexes
 * Level 4.1 Fire Magic


You had 3 spell levels left.
You knew the following spells:

 Your Spells              Type           Power        Failure   Level  Hunger
a - Flame Tongue          Conj/Fire      ###..        3%          1    None
c - Conjure Flame         Conj/Fire      ###.....     11%         3    ###....
h - Inner Flame           Hex/Fire       ##......     19%         3    ###....

Your spell library contained the following spells:

 Spells                   Type           Power        Failure   Level  Hunger
 Throw Flame              Conj/Fire      ###...       5%          2    ##.....
 Sticky Flame             Conj/Fire      ###.....     36%         4    ####...
 Fireball                 Conj/Fire      ###.......   71%         5    ######.


Dungeon Overview and Level Annotations

Branches:
Dungeon (3/15)

Altars:
Qazlal
Ru


Innate Abilities, Weirdness & Mutations

You cannot wear most types of armour.
You are very stealthy in the water. (Stealth+)
You are amphibious.
You can wear up to eight rings at the same time.
You can use your tentacles to constrict eight enemies at once.
Your skin changes colour to match your surroundings (Stealth+).
Your rubbery body absorbs attacks. (AC +1, EV +1)


Message History

You constrict the worm. You hit the worm but do no damage.
The worm is moderately wounded.
You constrict the worm. The worm bites you!
You barely miss the worm.
The worm is heavily wounded.
You constrict the worm. You hit the worm.
The worm is severely wounded.
You constrict the worm.
You feel sick. The worm bites you.
You are too injured to fight recklessly!
Casting: Flame Tongue (safe; 3% risk of failure)
Confirm with . or Enter, or press ? or * to list all spells.
Aiming: Flame Tongue (safe; 3% risk of failure)
Press: ? - help, Shift-Dir - straight line, f - worm
Aim: a worm (severely wounded, constricted by you)
You miscast Flame Tongue.
You are very lightly contaminated with residual magic.
Nothing appears to happen.
You constrict the worm. The worm bites you!
You die...

#..÷#.###.#.#.## #....##
##..#.# #.#...# #.#.#.#
...≈≈≈# ####### ###.#.#
...≈#≈# # ##>## #.#.#
..≈w≈≈ # 8=..8# #.#.#
#..≈# ##.....####.#.##
#..≈#
_....._#......###...#
##.....##.......@w...#####
#8...8####.#...†........g
# #......#####$##### #
###.#.)# # # #....#
#......# ###.#..# #.##..
#. ####


You could see a worm.

Vanquished Creatures
  Jessica (D:2)
  6 adders
  A river rat (D:3)
  An ooze (D:2)
  3 worms (D:2)
  2 dart slugs
  2 leopard geckos (D:1)
  2 ball pythons
  4 giant cockroaches
  5 hobgoblins
  3 jackals (D:2)
  A quokka (D:2)
  4 bats
  5 frilled lizards
  2 goblins
  9 kobolds
  11 rats
62 creatures vanquished.

Notes
Turn   | Place    | Note
-------+----------+-------------------------------------------
     0 | D:1      | mopl the Octopode Fire Elementalist began the quest for the
                  | Orb.
     0 | D:1      | Reached XP level 1. HP: 11/11 MP: 3/3
    59 | D:1      | Reached XP level 2. HP: 10/17 MP: 0/5
   335 | D:1      | Reached XP level 3. HP: 15/21 MP: 6/6
   340 | D:1      | Learned a level 3 spell: Conjure Flame
   624 | D:2      | Reached XP level 4. HP: 25/27 MP: 5/8
   755 | D:2      | Noticed Jessica
   760 | D:2      | Killed Jessica
   997 | D:2      | Reached XP level 5. HP: 31/31 MP: 9/9
  1002 | D:2      | Learned a level 3 spell: Inner Flame
  1031 | D:2      | Reached skill level 4 in Fire Magic
  1438 | D:3      | Found a faded altar of an unknown god.
  1461 | D:3      | Found a sacrificial altar of Ru.
  1462 | D:3      | Found a stormy altar of Qazlal.
  1572 | D:3      | Slain by a worm

Levels and vault maps discovered:
D:1:      minmay_arrival_jagged, layout_rooms
D:2:      layout_basic, minmay_between, uniq_jessica
D:3:      layout_loops_ring, nicolae_overflow_hidden_temple,
          lightli_sewer_entry_pipes, first_ration,
          chequers_ecumenical_altar_simple, minmay_starry_boxes

Skill      XL: |  1  2  3  4  5 |
---------------+----------------+-----
Conjurations   | 2 |  2.9
Spellcasting   | 3 |  3.2
Fire Magic     | 4 |  4.1
Dodging        | |  2.0
Stealth        | |  2.6
Hexes          | |  0.3

Action                   |  1- 3 |  4- 6 || total
-------------------------+-------+-------++-------
Melee: Unarmed           |     1 |       ||     1
       Short sword       |    43 |    14 ||    57
       Constrict         |     9 |     8 ||    17
       Tentacles         |     2 |     5 ||     7
       Dagger            |       |    44 ||    44
 Cast: Flame Tongue      |    37 |     4 ||    41
 Stab: Sleeping          |     5 |    11 ||    16
  Eat: Chunk             |       |     2 ||     2
Armor: Skin              |     6 |     5 ||    11
Dodge: Dodged            |    32 |    29 ||    61
